 Dungeon Crawl Stone Soup version 0.18.1-50-g88ac8fd (console) character file.

22865 Kloppie the Spear-Bearer (level 13, -2/126 HPs)
             Began as a Gargoyle Berserker on Oct 15, 2016.
             Was the Champion of Trog.
             Slain by a death yak (9 damage)
             ... on level 4 of the Lair of Beasts.
             The game lasted 00:24:56 (13613 turns).

Kloppie the Spear-Bearer (Gargoyle Berserker)      Turns: 13613, Time: 00:24:56

Health: -2/126     AC: 25    Str: 32    XL:     13   Next: 3%
Magic:  13/13      EV: 11    Int: 12    God:    Trog [******]
Gold:   680        SH:  0    Dex: 17    Spells: 0 memorised, 12 levels left

rFire  + . .     SeeInvis .     a - +0 trident
rCold  . . .     Gourm    .     o - +0 scale mail
rNeg   + . .     Faith    .     (no shield)
rPois  ∞         Spirit   .     (no helmet)
rElec  +         Dismiss  .     L - +1 cloak of Brilliance {Str+5 Int+4 Dex+4}
rCorr  .         Reflect  .     n - +1 pair of gloves
SustAt .         Harm     .     H - +0 pair of boots
MR     ++...                    t - amulet of regeneration
Stlth  ..........               G - ring of protection from fire
                                (no ring)

@: mighty, berserking, regenerating, very quick, very resistant to hostile
enchantments, extremely unstealthy
A: negative energy resistance 1, electricity resistance, unbreathing,
petrification resistance, rot immunity, AC +9
a: Berserk, Trog's Hand, Brothers in Arms, Burn Spellbooks, Renounce Religion


You were on level 4 of the Lair of Beasts.
You worshipped Trog.
Trog was exalted by your worship.
You were not hungry.

You visited 2 branches of the dungeon, and saw 13 of its levels.
You also visited: Sewer.

You collected 680 gold pieces.

Inventory:

Hand Weapons
 a - a +0 trident (weapon)
 u - a +0 halberd
Armour
 n - a +1 pair of gloves (worn)
 o - a +0 scale mail (worn)
 y - a +0 shield
 H - a +0 pair of boots (worn)
 L - the +1 cloak of Brilliance (worn) {Str+5 Int+4 Dex+4}
   (You found it on level 2 of the Lair of Beasts)

   It affects your strength (+5).
   It affects your intelligence (+4).
   It affects your dexterity (+4).
Jewellery
 b - a +3 ring of intelligence
 t - an amulet of regeneration (around neck)
 x - a +5 amulet of reflection {unknown}
 G - a ring of protection from fire (right hand)
 I - an uncursed ring of fire
Wands
 m - a wand of flame (23/48)
 p - a wand of flame (29/48)
 q - a wand of iceblast (12/15)
 F - a wand of flame (30/48)
 J - a wand of disintegration (8/24)
 K - a wand of iceblast (1/15)
 M - a wand of polymorph (5/24)
Scrolls
 f - 6 scrolls of remove curse
 g - 2 scrolls of recharging
 j - a scroll of summoning
 k - a scroll of noise
 w - 6 scrolls of teleportation
 z - a scroll of fog
 O - a scroll of blinking
Potions
 d - a potion of might
 e - a potion of cure mutation
 h - 2 potions of invisibility
 i - 5 potions of heal wounds
 l - a potion of magic {unknown}
 r - 2 potions of flight
 s - 7 potions of curing
 v - a potion of berserk rage {unknown}
 A - a potion of ambrosia {unknown}
 C - 2 potions of mutation {unknown}
 E - a potion of resistance {unknown}
Comestibles
 c - 6 bread rations
 B - 2 fruits
 D - 2 slices of pizza
 N - 3 chunks of flesh


   Skills:
 - Level 11.2 Fighting
 + Level 13.7 Polearms
 + Level 12.6 Armour
 - Level 1.5 Dodging


You had 12 spell levels left.
You didn't know any spells.

Dungeon Overview and Level Annotations

Branches:
Dungeon (9/15)             Temple (0/1) D:6            Lair (4/8) D:9
 Shoals (0/4) Lair:3        Snake (0/4) Lair:3
    Orc: D:9-12

Altars:
Ashenzari
Cheibriados
Dithmenos
Elyvilon
Fedhas
Kikubaaqudgha
Nemelex Xobeh
Okawaru
Pakellas
Qazlal
Sif Muna
Trog
Vehumet
Xom
Zin


Innate Abilities, Weirdness & Mutations

You are resistant to torment.
Your stone body is resilient (AC +9).
You are immune to poison.
You resist negative energy.
You are resistant to electric shocks.
You can survive without breathing.
You are immune to petrification.
You are immune to rotting.


Message History

The death yak gores you but does no damage.
You completely miss the death yak.
The death yak gores you but does no damage.
You hit the death yak.
The death yak is lightly wounded.
The death yak gores you but does no damage.
You hit the death yak.
The death yak is lightly wounded.
The death yak gores you!!
* * * LOW HITPOINT WARNING * * *
You impale the death yak!!
The death yak is heavily wounded.
The death yak gores you.
* * * LOW HITPOINT WARNING * * *
You impale the death yak!!
The death yak is severely wounded.
You puncture the death yak!
The death yak is almost dead.
The death yak gores you!
You die...

...............### #....
................# ##...
...............## #P...
..>.....Y......# ##...
..............÷## #P...
.........#....#.# ##...
........###...###### ### #...
........####...###P#######.###...
..†...........YY@................
...............Y##.#.............
..............#..#####...........
................## #...........
........#.......P# #...........
........#.......## #...........
........#.......######...........
...................#.............
........#........................


You could see 3 death yaks.

Vanquished Creatures
  2 hydras
  2 death yaks (Lair:4)
  A queen ant (Lair:3)
  A hill giant (D:8)
  2 sirens
  Psyche (D:9)
  The ghost of BabyRage the Conjurer, a novice NaWz of Sif Muna (D:5)
  8 spiny frogs
  2 komodo dragons
  A merfolk (Lair:3)
  A troll (D:8)
  7 blink frogs
  Sigmund (D:5)
  11 yaks
  A spriggan (D:7)
  A hungry ghost (D:9)
  3 basilisks
  3 hippogriffs
  7 soldier ants (Lair:3)
  Menkaure (D:6)
  3 nagas (Lair:3)
  3 orc warriors
  Duvessa (D:7)
  6 porcupines
  3 sky beasts
  8 water moccasins
  2 ice beasts (D:5)
  A necrophage (D:7)
  6 ogres
  The ghost of Kloppie the Poker, an amateur MfBe of Trog (D:4)
  18 wolves
  3 centaurs
  4 crocodiles
  A big kobold (Sewer)
  An elf zombie (D:7)
  15 giant frogs
  5 scorpions
  Dowan (D:7)
  7 wights
  3 howler monkeys
  A crimson imp (D:8)
  A giant frog zombie (D:7)
  A human zombie (D:7)
  A quasit (D:8)
  4 hounds
  A jelly (D:7)
  5 orc priests
  6 iguanas
  6 orc wizards
  2 centaur skeletons
  A giant frog skeleton (D:7)
  2 human skeletons (D:7)
  Ijyb (D:3)
  29 worker ants
  11 sheep
  2 mummies (D:7)
  A worker ant zombie (D:7)
  A howler monkey skeleton (D:8)
  10 adders
  48 river rats
  5 shadow imps
  An ooze (D:2)
  2 adder skeletons
  3 worms
  3 dart slugs
  11 giant geckos
  27 orcs
  10 giant cockroaches
  8 goblins
  7 hobgoblins
  15 jackals
  9 kobolds
  6 quokkas
  3 ball pythons
  6 bats
  A giant cockroach zombie (D:6)
  3 giant gecko skeletons
  5 giant newts
  An orc skeleton (D:7)
  An orc zombie (D:7)
  A quokka skeleton (D:6)
  A quokka zombie (D:6)
  12 rats
424 creatures vanquished.

Vanquished Creatures (collateral kills)
  A wolf (Lair:2)
1 creature vanquished.

Vanquished Creatures (others)
  A hydra (D:7)
  3 fungi
  9 plants
  4 toadstools (D:1)
17 creatures vanquished.

Grand Total: 442 creatures vanquished

Notes
Turn   | Place    | Note
--------------------------------------------------------------
     0 | D:1      | Kloppie the Gargoyle Berserker began the quest for the Orb.
     0 | D:1      | Reached XP level 1. HP: 14/14 MP: 1/1
   305 | D:1      | Reached XP level 2. HP: 11/19 MP: 2/2
   308 | D:1      | Reached skill level 3 in Polearms
   518 | D:1      | Reached ** piety under Trog
   518 | D:1      | Reached XP level 3. HP: 24/24 MP: 3/3
   949 | D:2      | Reached XP level 4. HP: 29/29 MP: 4/4
  1261 | D:2      | Found a stormy altar of Qazlal.
  1571 | D:3      | Reached *** piety under Trog
  1571 | D:3      | Reached skill level 4 in Polearms
  1571 | D:3      | Reached XP level 5. HP: 34/34 MP: 5/5
  1736 | D:3      | Found a glowing drain.
  1758 | Sewer    | Entered a sewer
  1775 | Sewer    | Reached skill level 5 in Fighting
  1887 | Sewer    | Noticed a big kobold
  1900 | Sewer    | Killed a big kobold
  1928 | Sewer    | Found a white marble altar of Elyvilon.
  2005 | D:3      | Found a sparkling altar of Nemelex Xobeh.
  2086 | D:3      | Reached XP level 6. HP: 40/40 MP: 6/6
  2342 | D:3      | Found a faded altar to an unknown god.
  2370 | D:3      | Noticed Ijyb
  2412 | D:3      | Killed Ijyb
  2663 | D:4      | Reached skill level 5 in Polearms
  2767 | D:4      | Reached **** piety under Trog
  2767 | D:4      | Reached XP level 7. HP: 47/47 MP: 7/7
  3060 | D:4      | Noticed Kloppie's ghost (amateur MfBe)
  3085 | D:4      | Killed Kloppie's ghost
  3407 | D:5      | Entered Level 5 of the Dungeon
  3420 | D:4      | Reached skill level 6 in Polearms
  3613 | D:5      | Reached XP level 8. HP: 54/54 MP: 8/8
  4023 | D:5      | Noticed Sigmund
  4042 | D:5      | Killed Sigmund
  4042 | D:5      | Reached skill level 7 in Polearms
  4103 | D:5      | Noticed BabyRage's ghost (novice NaWz)
  4202 | D:5      | Killed BabyRage's ghost
  4202 | D:5      | Reached XP level 9. HP: 60/60 MP: 9/9
  4353 | D:5      | Reached skill level 8 in Polearms
  4357 | D:5      | Found a shattered altar of Ashenzari.
  4357 | D:5      | Found a stormy altar of Qazlal.
  4393 | D:5      | Found a white marble altar of Elyvilon.
  4967 | D:6      | Found a shimmering altar of Xom.
  5439 | D:6      | Noticed Menkaure
  5451 | D:6      | Killed Menkaure
  5500 | D:6      | Found a deep blue altar of Sif Muna.
  5756 | D:6      | Reached skill level 5 in Armour
  6130 | D:6      | Reached skill level 9 in Polearms
  6142 | D:6      | Found a staircase to the Ecumenical Temple.
  6247 | D:7      | Found an iron altar of Okawaru.
  6266 | D:7      | Found a snail-covered altar of Cheibriados.
  6385 | D:7      | Noticed Dowan
  6386 | D:7      | Noticed Duvessa
  6406 | D:7      | Killed Dowan
  6437 | D:7      | Killed Duvessa
  6446 | D:7      | Reached ***** piety under Trog
  6540 | D:7      | Found a shadowy altar of Dithmenos.
  6642 | D:7      | Reached XP level 10. HP: 66/66 MP: 10/10
  6882 | D:7      | Found an oddly glowing altar of Pakellas.
  6882 | D:7      | Noticed an eight-headed hydra
  6889 | D:7      | Killed an eight-headed hydra
  7004 | D:7      | Found a blossoming altar of Fedhas.
  7018 | D:7      | Found a radiant altar of Vehumet.
  7461 | D:7      | Found an ancient bone altar of Kikubaaqudgha.
  7595 | D:7      | Reached skill level 10 in Polearms
  7757 | D:8      | Noticed a hill giant
  7766 | D:8      | HP: 3/99 [hill giant/giant spiked club (8)]
  7767 | D:8      | Killed a hill giant
  8187 | D:8      | Reached skill level 10 in Fighting
  8558 | D:8      | Found a glowing silver altar of Zin.
  8760 | D:9      | Found a bloodstained altar of Trog.
  8804 | D:9      | Found an iron altar of Okawaru.
  8899 | D:9      | Noticed Psyche
  8908 | D:9      | Killed Psyche
  9203 | D:9      | Found a staircase to the Lair.
  9378 | D:9      | Reached skill level 11 in Polearms
  9378 | D:9      | Reached XP level 11. HP: 38/73 MP: 11/11
  9410 | Lair:1   | Entered Level 1 of the Lair of Beasts
  9741 | Lair:1   | Noticed a five-headed hydra
  9754 | Lair:1   | Killed a five-headed hydra
 10538 | Lair:2   | Reached skill level 12 in Polearms
 10748 | Lair:2   | Reached skill level 10 in Armour
 10765 | Lair:2   | Reached XP level 12. HP: 71/80 MP: 12/12
 11090 | Lair:2   | Got a smoking cloak
 11101 | Lair:2   | Identified the +1 cloak of Brilliance {Str+5 Int+4 Dex+4} (You found it on level 2 of the Lair of Beasts)
 11533 | Lair:3   | Noticed an eight-headed hydra
 11623 | Lair:3   | Killed an eight-headed hydra
 11727 | Lair:3   | Found a staircase to the Snake Pit.
 11736 | Lair:3   | Received a gift from Trog
 11941 | Lair:3   | Reached ****** piety under Trog
 12094 | Lair:3   | Reached skill level 13 in Polearms
 12132 | Lair:3   | Found a staircase to the Shoals.
 12383 | Lair:3   | Noticed a queen ant
 12397 | Lair:3   | Killed a queen ant
 13204 | Lair:4   | Noticed a death yak
 13205 | Lair:4   | Noticed a death yak
 13205 | Lair:4   | Noticed a death yak
 13206 | Lair:4   | Noticed a death yak
 13206 | Lair:4   | Noticed a death yak
 13206 | Lair:4   | Noticed a death yak
 13599 | Lair:4   | Killed a death yak
 13606 | Lair:4   | Killed a death yak
 13606 | Lair:4   | Reached XP level 13. HP: 22/84 MP: 13/13
 13611 | Lair:4   | HP: 6/126 [death yak (2)]
 13613 | Lair:4   | Slain by a death yak

Skill      XL: |  1  2  3  4  5  6  7  8  9 10 11 12 |
---------------+-------------------------------------+-----
Polearms       | 3 4 5 6 7 9 11 12 13 | 13.7
Fighting       | 4 5 6 7 9 10 11 | 11.2
Armour         | 6 7 10 12 | 12.6
Dodging        | |  1.5

Action                   |  1- 3 |  4- 6 |  7- 9 | 10-12 | 13-15 || total
-------------------------+-------+-------+-------+-------+-------++-------
Melee: Spear             |   156 |   297 |   630 |   265 |       ||  1348
       Trident           |       |       |       |  1439 |     7 ||  1446
Invok: Berserk           |       |     6 |    11 |    13 |       ||    30
       Trog's Hand       |       |     1 |     5 |     7 |       ||    13
       Brothers in Arms  |       |       |       |     1 |       ||     1
  Use: Scroll            |       |       |    16 |     9 |       ||    25
       Potion            |       |       |       |     1 |       ||     1
  Eat: Chunk             |       |    12 |    26 |    29 |       ||    67
       Bread ration      |       |       |       |     2 |       ||     2
       Meat ration       |       |       |       |     1 |       ||     1
       Beef jerky        |       |       |       |     1 |       ||     1
Armor: Animal skin       |     9 |       |       |       |       ||     9
       Ring mail         |    63 |    17 |       |       |       ||    80
       Scale mail        |       |   112 |   288 |   638 |     3 ||  1041
Dodge: Dodged            |    91 |   138 |   216 |   573 |       ||  1018
